Map: [ESL] Solaris

Players

Harstem

  • Race: Protoss Protoss
  • Spawn Location: 1:00

Reynor - Winner!

  • Race: Zerg Zerg
  • Spawn Location: 7:00

Event: ESL SC2 Masters 2023 Winter (Finals)

VOD

Have the link to the VOD?

Description

Time

  • Played on: Dec. 16, 2023, 9:29 a.m.
  • Length: 25:31

All games in this series

Show
View Real Time Build Order
Export as new Build Order

Harstem Protoss 

Build Orders: 1 Gate Expand, Oracle Opening, Phoenix Opening, Archon Immortal, Mass Phoenix 

Get SALT Encoding   

  12  0:00  Probe  
  13  0:12  Probe  
  14  0:22  Pylon  
  14  0:25  Probe  
  15  0:30  Assimilator  
  15  0:40  Probe (Chrono Boost)  
  16  0:46  Gateway  
  16  0:49  Probe (Chrono Boost)  
  17  0:54  Probe (Chrono Boost)  
  18  1:06  Probe  
  19  1:18  Probe  
  20  1:25  Nexus  
  20  1:33  Cybernetics Core  
  20  1:35  Probe  
  21  1:42  Assimilator  
  21  1:47  Probe  
  21  1:51  Pylon  
  22  1:59  Probe  
  23  2:07  Adept (Chrono Boost)  
  23  2:11  Probe  
  23  2:12  Stargate  
  26  2:22  Warp Gate  
  26  2:23  Probe  
  27  2:31  Adept  
  27  2:35  Probe (Chrono Boost)  
  30  2:37  Probe (Chrono Boost)  
  31  2:46  Probe (Chrono Boost)  
  31  2:47  Probe (Chrono Boost)  
  31  2:51  Probe (Chrono Boost)  
  33  2:52  Probe (Chrono Boost)  
  33  2:57  Phoenix (Chrono Boost)  
  37  3:02  Pylon, Probe  
  37  3:04  Probe  
  39  3:12  Gateway  
  39  3:14  Probe  
  39  3:16  Probe  
  39  3:19  Oracle (Chrono Boost)  
  44  3:26  Probe  
  45  3:28  Probe  
  46  3:38  Probe  
  47  3:42  Nexus  
  47  3:44  Probe  
  47  3:46  Oracle (Chrono Boost)  
  48  3:50  Probe  
  48  3:52  Pylon  
  52  3:56  Probe  
  52  4:01  Assimilator  
  52  4:02  Probe  
  54  4:03  Assimilator  
  54  4:10  Probe  
  54  4:14  Stargate, Probe (Chrono Boost)  
  54  4:15  Adept, Pylon  
  58  4:26  Probe (Chrono Boost)  
  58  4:27  Probe (Chrono Boost)  
  59  4:32  Phoenix  
  59  4:35  Probe (Chrono Boost)  
  59  4:37  Probe (Chrono Boost)  
  63  4:40  Probe  
  64  4:46  Pylon  
  64  4:47  Probe  
  64  4:49  Forge, Adept x2  
  69  4:53  Probe  
  69  4:59  Probe (Chrono Boost), Phoenix x2  
  75  5:03  Probe (Chrono Boost)  
  75  5:05  Probe (Chrono Boost)  
  75  5:06  Shield Battery  
  77  5:13  Probe (Chrono Boost)  
  78  5:16  Probe (Chrono Boost)  
  78  5:18  Probe (Chrono Boost)  
  78  5:19  Probe (Chrono Boost)  
  78  5:21  Probe (Chrono Boost)  
  81  5:22  Protoss Ground Weapons Level 1 (Chrono Boost)  
  81  5:24  Phoenix  
  84  5:29  Probe x2  
  84  5:31  Twilight Council, Phoenix (Chrono Boost)  
  84  5:34  Probe  
  89  5:41  Pylon, Probe x2  
  91  5:44  Assimilator  
  91  5:46  Probe, Pylon  
  91  5:48  Assimilator  
  90  5:53  Probe, Phoenix (Chrono Boost)  
  90  5:54  Pylon  
  90  5:56  Phoenix (Chrono Boost)  
  93  6:00  Robotics Facility  
  94  6:06  Zealot x2  
  94  6:10  Gateway  
  97  6:13  Gateway x2  
  97  6:16  Probe  
  97  6:17  Probe  
  99  6:24  Probe  
  100  6:27  Zealot x2  
  100  6:30  Photon Cannon  
  104  6:33  Probe  
  104  6:34  Probe  
  104  6:35  Charge (Chrono Boost)  
  104  6:36  Probe  
  107  6:40  Templar Archives  
  107  6:43  Shield Battery  
  107  6:46  Probe  
  108  6:49  Immortal (Chrono Boost)  
  108  6:50  Zealot x2  
  114  6:56  Pylon  
  114  6:57  Pylon  
  114  6:58  Probe  
  115  7:06  Pylon  
  115  7:10  Zealot  
  117  7:17  High Templar  
  117  7:18  High Templar x3, Immortal (Chrono Boost)  
  117  7:21  Archon  
  117  7:22  Archon  
  129  7:27  Nexus  
  129  7:31  Pylon, Probe  
  129  7:32  Probe  
  129  7:34  Protoss Ground Weapons Level 2 (Chrono Boost)  
  131  7:38  Probe  
  131  7:40  Psionic Storm  
  131  7:42  Gateway  
  131  7:43  Gateway  
  132  7:45  Immortal (Chrono Boost)  
  132  7:46  Probe  
  132  7:48  Probe  
  132  7:50  Probe  
  139  7:55  Photon Cannon  
  139  7:56  Robotics Facility  
  139  7:58  Pylon  
  139  8:02  Probe  
  140  8:06  Probe  
  140  8:08  Forge  
  140  8:11  Assimilator  
  140  8:12  Assimilator  
  141  8:17  Gateway x2  
  141  8:19  High Templar x3  
  147  8:20  Gateway  
  147  8:21  Pylon, Probe  
  147  8:26  High Templar  
  150  8:32  Immortal (Chrono Boost)  
  150  8:34  Photon Cannon  
  154  8:37  Photon Cannon  
  154  8:43  Probe  
  154  8:45  High Templar x2  
  154  8:46  Zealot  
  163  8:48  Photon Cannon  
  163  8:49  Warp Prism (Chrono Boost), Protoss Ground Armor Level 1 (Chrono Boost), Pylon  
  163  8:59  Archon  
  163  9:00  Immortal (Chrono Boost)  
  167  9:04  Pylon  
  167  9:08  Pylon x2  
  165  9:21  Immortal (Chrono Boost)  
  169  9:27  Zealot x8  
  180  9:39  Probe  
  180  9:42  Photon Cannon  
  180  9:44  Immortal (Chrono Boost)  
  181  9:49  High Templar x2, Pylon  
  181  9:50  High Templar x2  
  193  9:55  Archon x2  
  193  9:56  Immortal (Chrono Boost), Protoss Ground Weapons Level 3 (Chrono Boost)  
  195  10:17  Probe  
  195  10:21  Pylon  
  198  10:31  Probe  
  198  10:32  Fleet Beacon  
  196  10:37  Stargate  
  196  10:38  Stalker x2  
  194  10:43  Protoss Air Weapons Level 1 (Chrono Boost)  
  194  10:44  Nexus  
  183  10:50  Blink  
  183  10:57  Protoss Ground Armor Level 2 (Chrono Boost)  
  181  11:06  Zealot x9  
  199  11:12  Pylon  
  199  11:17  Pylon  
  199  11:19  Probe  
  199  11:21  Unknown  
  199  11:25  Observer x2  
  190  11:52  Tempest  
  191  11:59  Tempest x2  
  191  12:01  High Templar  
  191  12:02  High Templar x3, Zealot  
  191  12:07  Archon x2  
  198  12:12  Probe  
  198  12:15  Photon Cannon  
  199  12:16  Zealot, Photon Cannon  
  199  12:21  Zealot  
  199  12:22  Zealot x2  
  197  12:26  Zealot  
  191  12:32  Tempest (Chrono Boost)  
  192  12:39  Tempest x2 (Chrono Boost)  
  192  12:40  Photon Cannon  
  198  12:44  Photon Cannon  
  198  12:47  Protoss Shields Level 1 (Chrono Boost)  
  198  12:50  Probe  
  199  12:53  Photon Cannon  
  199  12:56  Photon Cannon  
  192  12:58  Photon Cannon  
  175  13:09  Probe (Chrono Boost)  
  175  13:10  High Templar  
  175  13:11  High Templar x4  
  174  13:19  Zealot x4  
  188  13:23  Protoss Ground Armor Level 3 (Chrono Boost)  
  188  13:24  Shield Battery  
  188  13:26  Mothership (Chrono Boost)  
  177  13:29  Photon Cannon  
  177  13:33  Photon Cannon  
  164  13:38  Photon Cannon, Probe (Chrono Boost)  
  164  13:40  Photon Cannon  
  164  13:46  Zealot x3, Photon Cannon x2  
  164  13:47  Zealot  
  172  13:50  Photon Cannon  
  172  13:51  High Templar x3  
  172  13:52  High Templar, Photon Cannon  
  172  13:53  High Templar  
  182  13:57  Archon  
  182  13:59  Archon, Shield Battery  
  182  14:02  Archon x2  
  182  14:03  Tempest  
  182  14:07  Pylon  
  187  14:12  Nexus  
  187  14:14  Pylon  
  181  14:18  Protoss Air Weapons Level 2 (Chrono Boost), Photon Cannon  
  181  14:21  High Templar x3, Photon Cannon  
  181  14:22  High Templar  
  181  14:24  Oracle, Pylon  
  184  14:25  High Templar x2  
  188  14:34  Archon  
  188  14:35  Archon x2  
  188  14:44  Zealot x3  
  194  14:46  Immortal  
  191  15:23  Zealot x4  
  199  15:34  Zealot x5  
  180  15:42  Tempest (Chrono Boost)  
  180  15:43  Tempest (Chrono Boost), Observer, Photon Cannon  
  190  15:58  High Templar x4  
  198  16:05  Archon x2  
  198  16:10  Unknown  
  193  16:11  Tempest  
  198  16:28  Zealot  
  185  16:48  Nexus  
  185  16:52  High Templar x3  
  183  16:59  High Templar x5  
  183  17:00  High Templar  
  189  17:03  Pylon  
  189  17:04  Archon  
  189  17:05  Archon x2  
  189  17:06  Unknown  
  189  17:10  Oracle x2 (Chrono Boost)  
  189  17:12  Observer (Chrono Boost)  
  196  17:28  Zealot x2  
  198  17:31  Zealot x4  
  198  17:33  Immortal x2  
  198  17:37  Zealot x3  
  178  17:52  Pylon  
  178  17:53  High Templar x2, Zealot x2  
  178  17:58  Archon  
  184  18:07  High Templar x2, Zealot  
  185  18:13  Archon  
  185  18:14  Zealot x2  
  189  18:30  High Templar x2  
  189  18:32  Zealot x3  
  199  18:37  Archon  
  199  18:43  Nexus, Photon Cannon  
  199  18:58  Oracle  
  199  19:01  Observer (Chrono Boost)  
  198  19:26  Observer x2  
  199  19:40  Photon Cannon  
  199  19:52  Photon Cannon  
  199  20:07  Photon Cannon  
  189  20:23  Pylon  
  175  20:29  High Templar x2  
  175  20:30  High Templar x2  
  175  20:31  Zealot x5  
  175  20:35  Tempest  
  198  20:42  Archon x2  
  193  20:47  Oracle  
  196  20:58  Zealot x2  
  196  21:00  Nexus  
  169  21:16  Zealot x4  
  161  21:23  High Templar x3  
  161  21:24  Zealot x2  
  155  21:30  Archon  
  155  21:32  Immortal  
  155  21:45  Zealot x5  
  155  21:46  Zealot  
  167  21:53  Immortal  
  155  21:57  Zealot x3  
  145  22:11  Immortal (Chrono Boost)  
  144  22:17  Tempest  
  149  22:30  Observer  
  149  22:31  Tempest  
  154  22:56  Stalker x3  
  154  22:57  Stalker  
  162  23:01  Zealot x4  
  170  23:26  High Templar, Zealot x7  
  178  23:29  Nexus  
  178  23:33  Assimilator  
  178  23:35  Assimilator  
  178  23:36  Shield Battery  
  176  23:42  Shield Battery  
  176  23:43  Observer  
  177  24:06  High Templar  
  175  24:19  Pylon  
  175  24:20  Zealot  
  175  24:21  Zealot x3  
  141  25:06  Zealot x4  
  141  25:07  Zealot x4  
  124  25:14  Nexus  
Show
View Real Time Build Order
Export as new Build Order

Reynor Zerg - Winner!

Build Orders: Hatch First, Brood Lord Corruptor 

Get SALT Encoding   

  12  0:00  Drone  
  13  0:12  Overlord  
  13  0:16  Drone  
  14  0:30  Drone x2  
  14  0:34  Drone  
  17  0:52  Hatchery  
  17  0:55  Drone  
  17  0:57  Drone  
  18  1:08  Extractor  
  17  1:13  Spawning Pool  
  17  1:16  Drone  
  17  1:19  Drone  
  18  1:27  Drone  
  19  1:38  Drone  
  20  1:48  Overlord  
  20  2:00  Queen  
  22  2:03  Queen  
  22  2:04  Zergling x2  
  22  2:06  Drone  
  26  2:11  Drone  
  26  2:15  Drone  
  28  2:21  Zergling x2  
  29  2:25  Drone  
  29  2:26  Metabolic Boost  
  30  2:34  Hatchery  
  30  2:35  Drone  
  30  2:38  Drone  
  30  2:43  Queen  
  33  2:48  Overlord  
  33  2:51  Drone  
  33  2:53  Drone  
  33  2:58  Drone  
  36  3:06  Queen  
  36  3:08  Drone x3  
  36  3:11  Overlord  
  41  3:15  Overlord  
  41  3:18  Drone  
  42  3:21  Drone  
  43  3:27  Drone  
  43  3:29  Overlord  
  43  3:30  Queen  
  46  3:38  Drone  
  47  3:41  Overlord  
  47  3:42  Drone x3  
  47  3:47  Queen  
  47  3:48  Drone  
  53  3:49  Drone  
  53  3:53  Queen  
  56  3:57  Zergling x4  
  56  4:01  Drone, Spore Crawler  
  58  4:04  Drone x2  
  58  4:06  Drone  
  58  4:07  Drone  
  62  4:10  Overlord  
  62  4:16  Spore Crawler  
  60  4:18  Drone, Overlord  
  60  4:19  Drone  
  60  4:21  Spore Crawler  
  60  4:24  Drone x2  
  62  4:27  Drone  
  62  4:29  Drone x2  
  62  4:31  Drone  
  67  4:34  Drone x2  
  67  4:36  Drone  
  67  4:37  Drone  
  70  4:39  Drone  
  70  4:41  Drone  
  72  4:53  Hatchery  
  72  4:54  Drone x4, Evolution Chamber  
  72  4:58  Zergling x4  
  72  4:59  Zergling x4  
  78  5:00  Drone  
  78  5:04  Drone x3  
  82  5:07  Overlord  
  82  5:08  Drone  
  82  5:11  Drone  
  82  5:14  Extractor, Overlord  
  83  5:16  Drone x3  
  83  5:17  Drone  
  83  5:20  Zerg Melee Weapons Level 1, Lair  
  87  5:23  Overlord  
  87  5:25  Drone x2  
  87  5:27  Drone x2  
  90  5:29  Drone x2  
  90  5:30  Drone  
  90  5:34  Drone x2  
  90  5:35  Extractor  
  94  5:36  Extractor  
  94  5:38  Extractor, Roach Warren  
  94  5:40  Extractor, Overlord  
  94  5:42  Drone x2  
  92  5:45  Overlord  
  92  5:47  Drone x2  
  92  5:49  Drone  
  94  5:51  Drone x2  
  94  5:52  Drone x3  
  94  5:57  Baneling Nest, Overlord  
  98  5:58  Drone x2  
  100  6:05  Zergling x4  
  100  6:07  Overlord  
  103  6:11  Drone x3, Spore Crawler  
  103  6:12  Drone, Queen  
  103  6:13  Drone  
  103  6:17  Overlord  
  108  6:22  Overlord  
  108  6:23  Queen  
  110  6:28  Zergling x12, Spore Crawler  
  110  6:30  Spore Crawler  
  113  6:33  Overlord  
  113  6:36  Spore Crawler  
  113  6:38  Spore Crawler  
  113  6:39  Drone x3  
  111  6:41  Infestation Pit, Queen  
  111  6:45  Drone x3  
  117  6:47  Zergling x6  
  118  6:56  Drone x2  
  118  6:59  Spore Crawler x2  
  118  7:00  Drone x5  
  123  7:07  Evolution Chamber  
  123  7:08  Drone  
  123  7:09  Drone x2  
  123  7:10  Drone x2, Hatchery  
  123  7:11  Spore Crawler  
  123  7:13  Spore Crawler  
  124  7:16  Zerg Melee Weapons Level 2  
  124  7:18  Hive  
  124  7:20  Drone, Spire  
  124  7:29  Glial Reconstitution  
  122  7:31  Drone, Centrifugal Hooks  
  122  7:32  Drone x2  
  124  7:38  Roach x3  
  124  7:39  Roach x4  
  138  7:44  Overlord x5  
  138  7:48  Zerg Missile Weapons Level 1  
  138  7:57  Drone x2  
  140  7:59  Extractor x2, Roach  
  140  8:00  Overlord x2  
  140  8:09  Roach x5  
  140  8:10  Zergling x12  
  156  8:15  Drone x9  
  156  8:18  Roach x3  
  156  8:19  Ravager x2  
  173  8:20  Baneling x3, Ravager x2  
  173  8:21  Baneling x6  
  173  8:22  Baneling x2  
  175  8:30  Zergling x6, Roach x2  
  182  8:36  Adrenal Glands, Greater Spire  
  182  8:40  Zergling x16  
  190  8:45  Spine Crawler  
  190  8:46  Evolution Chamber  
  190  8:47  Zergling x12, Spine Crawler  
  191  8:59  Baneling x14  
  188  9:25  Corruptor x2  
  188  9:26  Corruptor x4  
  199  9:34  Zerg Melee Weapons Level 3  
  199  9:43  Unknown  
  198  9:45  Zerg Missile Weapons Level 2  
  198  9:52  Hatchery  
  194  10:01  Brood Lord x3  
  194  10:06  Spore Crawler  
  195  10:15  Brood Lord x2  
  199  10:24  Brood Lord  
  194  10:37  Zerg Ground Armor Level 1  
  191  10:44  Corruptor x3  
  184  10:53  Queen  
  184  10:54  Zerg Flyer Weapons Level 1  
  184  10:56  Zergling x6  
  184  10:57  Zergling x12  
  194  10:59  Ultralisk Cavern  
  194  11:03  Spore Crawler x2  
  194  11:04  Spore Crawler x2  
  181  11:06  Corruptor x3  
  186  11:20  Brood Lord x3  
  192  11:33  Zergling x6  
  192  11:34  Zergling x8  
  198  12:12  Chitinous Plating  
  198  12:14  Zerg Missile Weapons Level 3  
  190  12:35  Zergling x22  
  190  12:49  Zerg Flyer Weapons Level 2  
  190  12:52  Zergling x20, Spire  
  180  13:07  Corruptor x5  
  180  13:08  Corruptor  
  186  13:13  Corruptor x2  
  186  13:20  Ultralisk x2  
  179  13:40  Viper x2  
  177  13:43  Ultralisk x2  
  177  13:46  Corruptor x4, Brood Lord  
  177  13:47  Drone  
  200  13:49  Anabolic Synthesis, Zerg Ground Armor Level 2, Hatchery  
  199  14:00  Spine Crawler  
  199  14:01  Spine Crawler  
  199  14:02  Hatchery  
  196  14:12  Zergling x8  
  197  14:18  Zerg Flyer Armor Level 1  
  197  14:20  Spore Crawler  
  197  14:22  Spore Crawler  
  197  14:23  Spore Crawler  
  194  14:24  Spore Crawler  
  194  14:25  Spore Crawler  
  194  14:26  Spore Crawler  
  191  14:33  Spore Crawler x2  
  191  14:35  Spore Crawler x2  
  191  14:36  Spore Crawler x2  
  185  14:39  Corruptor x4, Spine Crawler  
  192  14:50  Pneumatized Carapace  
  192  14:53  Overseer x2  
  192  14:57  Zergling x14  
  180  15:38  Overseer  
  180  15:42  Zergling x20  
  186  15:52  Brood Lord  
  186  15:53  Brood Lord x2  
  186  15:54  Corruptor x3  
  186  15:56  Zerg Flyer Weapons Level 3  
  198  16:10  Extractor  
  197  16:13  Extractor  
  194  16:19  Neural Parasite  
  191  16:25  Zerg Flyer Armor Level 2  
  191  16:29  Ultralisk  
  187  16:49  Zergling x38  
  187  16:53  Zergling x2  
  187  16:54  Zergling x24  
  187  17:02  Infestor x2  
  187  17:08  Viper  
  191  17:12  Extractor  
  193  17:19  Zergling x14  
  198  17:23  Zerg Ground Armor Level 3  
  198  17:28  Extractor  
  189  17:31  Zergling x32  
  183  17:50  Zergling x18  
  183  17:51  Zergling x12  
  198  17:56  Queen  
  199  18:03  Infestor x3  
  198  18:43  Zerg Flyer Armor Level 3  
  198  18:46  Drone x2  
  195  19:10  Ultralisk  
  195  19:12  Hatchery  
  195  19:16  Ultralisk  
  199  19:53  Spore Crawler x2  
  199  19:54  Spore Crawler x2  
  199  19:57  Spore Crawler x3  
  199  19:58  Spine Crawler  
  188  20:02  Corruptor  
  188  20:03  Corruptor  
  188  20:05  Ultralisk  
  194  20:14  Ultralisk  
  194  20:15  Burrow  
  193  20:44  Zergling x14  
  192  21:08  Zergling x2  
  192  21:09  Zergling x16  
  181  21:13  Zergling x10  
  181  21:14  Zergling x4  
  174  21:19  Zergling x16  
  174  21:21  Zergling x6  
  174  21:22  Zergling x10  
  186  21:36  Infestor x2  
  190  21:40  Ultralisk  
  190  21:42  Zergling x8  
  180  21:57  Infestor, Ultralisk x2  
  180  21:58  Infestor  
  177  22:29  Brood Lord x3  
  183  22:30  Corruptor x3  
  183  22:31  Spore Crawler x3  
  183  22:32  Spore Crawler  
  185  22:38  Ultralisk x2  
  197  22:48  Overseer  
  197  23:02  Spore Crawler  
  196  23:14  Corruptor x2  
  200  23:21  Hatchery  
  197  23:48  Viper, Overseer x3  
  199  24:06  Overseer  
  198  24:40  Infestor x6  
  191  24:54  Zergling x8  
  191  24:55  Zergling x16  
  176  25:08  Zergling x24  
Tags
 
Add a new tag
Caveats
  • Supply blocks, unpowered buildings, or Contaminate may cause inaccurate times.
  • Supply counts are checked every 10 seconds.